 Dungeon Crawl Stone Soup version 0.30.1-4-g462c640d31 (webtiles) character file.

Game seed: 11685174390349035096

364 rvierbuc the Conjurer (level 6, 0/46 HPs)
             Began as a Demigod Conjurer on Aug 20, 2023.
             Splashed by a jelly's acid (10 damage)
             ... on level 3 of the Dungeon.
             The game lasted 00:18:08 (3683 turns).

rvierbuc the Conjurer (Demigod Conjurer)            Turns: 3683, Time: 00:18:09

Health: 0/46       AC: -4    Str:  8    XL:     6   Next: 16%
Magic:  0/14       EV: 12    Int: 28    God:
Gold:   147        SH:  0    Dex: 12    Spells: 7/12 levels left

rFire   . . .        e - +0 falchion
rCold   . . .        (no shield)
rNeg    . . .        a - +0 robe
rPois   .            (no helmet)
rElec   .            j - +0 cloak
rCorr   .            (no gloves)
SInv    .            p - +0 pair of boots
Will    .....        (no amulet)
Stlth   ++           (no ring)
HPRegen 0.27/turn    (no ring)
MPRegen 0.14/turn

%: no passive effects
@: corroded, hasted, very quick
A: high MP 1, forlorn, divine attributes
a: no special abilities


You were on level 3 of the Dungeon.
You visited 1 branch of the dungeon, and saw 4 of its levels.

You collected 147 gold pieces.

Inventory:

Hand Weapons
 c - a +1 dagger of holy wrath
 e - a +0 falchion (weapon)
 f - a +0 rapier
Armour
 a - a +0 robe (worn)
 j - a +0 cloak (worn)
 p - a +0 pair of boots (worn)
Wands
 l - a wand of acid (8)
Scrolls
 g - a scroll of poison
 m - 2 scrolls of teleportation
 n - a scroll of magic mapping {unknown}
 o - a scroll of noise {unknown}
 q - a scroll of immolation {unknown}
Potions
 b - a potion of magic
 d - a potion of might
 h - a potion of haste
 k - a potion of mutation {unknown}
 r - 2 potions of heal wounds {unknown}
 s - a potion of curing {unknown}


   Skills:
 + Level 0.5 Fighting
 + Level 2.2 Dodging
 + Level 2.7 Stealth
 + Level 3.7 Spellcasting
 + Level 5.3 Conjurations


You had 7 spell levels left.
You knew the following spells:

 Your Spells              Type           Power      Damage    Failure   Level
a - Magic Dart            Conj           100%       1d8       1%          1
b - Searing Ray           Conj           70%        2d7       1%          2
c - Blink                 Tloc           10%        N/A       12%         2

Your spell library contained the following spells:

 Spells                   Type           Power      Damage    Failure   Level
 Momentum Strike          Conj/Tloc      40%        3d9       3%          2
 Dazzling Flash           Conj/Hex       40%        N/A       8%          3
 Lesser Beckoning         Tloc           10%        N/A       12%         2
 Call Canine Familiar     Summ           5%         N/A       22%         3
 Portal Projectile        Hex/Tloc       10%        N/A       22%         3
 Fulminant Prism          Conj/Hex       10%        3d8       26%         4
 Iskenderun's Mystic Bla  Conj/Tloc      20%        2d6       26%         4
 Leda's Liquefaction      Hex/Erth       2%         N/A       58%         4


Dungeon Overview and Level Annotations

Branches:
Dungeon (4/15)
 Temple: D:4-7


Innate Abilities, Weirdness & Mutations

You have an increased reservoir of magic. (+10% MP)
You shall have no god before yourself.
Your divine heritage dramatically boosts your attributes as you level up.


Message History

The gnoll closely misses you. The gnoll hits you with a +0 whip.
The gnoll hits you from afar with a +0 vampiric halberd!
The gnoll draws strength from your wounds!
Casting: Searing Ray (safe; 1% risk of failure)
Confirm with . or Enter, or press ? or * to list all spells.
Aiming: Searing Ray (safe; 1% risk of failure)
Press: ? - help, Shift-Dir - straight line, f - gnoll, p - gnoll
Aim: a gnoll, wielding a +0 vampiric halberd (heavily wounded, 83% to hit)
The searing ray misses the gnoll.
The searing ray hits the gnoll!
You kill the gnoll! (Press . to maintain the ray.)
The gnoll hits you with a +0 whip. The jelly hits you but does no damage.
The searing ray hits the gnoll!
You kill the gnoll!
The jelly misses you.
You are too injured to fight recklessly!
There is a stone staircase leading up here.
The jelly barely misses you.
You climb upwards.
There is a stone staircase leading down here.
Casting: Searing Ray (safe; 1% risk of failure)
Confirm with . or Enter, or press ? or * to list all spells.
Aiming: Searing Ray (safe; 1% risk of failure)
Press: ? - help, Shift-Dir - straight line, f - jelly
Aim: a jelly (100% to hit)
The searing ray hits the jelly!
The jelly is heavily wounded. (Press . to maintain the ray.)
The jelly closely misses you. The jelly attacks as you move away!
The jelly barely misses you. The jelly attacks as you move away!
The jelly hits you. The acid corrodes you!
You are splashed with acid!
* * * LOW HITPOINT WARNING * * *
Casting: Searing Ray (safe; 1% risk of failure)
Confirm with . or Enter, or press ? or * to list all spells.
You don't have enough magic to cast this spell.
You feel yourself speed up. The jelly hits you.
* * * LOW HITPOINT WARNING * * *
The acid corrodes you!
You are splashed with acid!
You die...

...#.......#.................#
...#..........##.##..........#
......####.......##..........#
.................##..........#
................>##..........#
.................#############
.................#########
..........##....J........#
#####.....##....@........#
~~~~#.######.............#
~÷~†'......#.............#
~~~~#......#.............#
#####......#.............#
##...##....#.............#
......#....#.............#
......#....#.............#######
......#....#.............'.....#


You could see a jelly.

Vanquished Creatures
  A phantom (D:2)
  The ghost of bronco the Firebug, an amateur TeFE (D:3)
  A bullfrog (D:3)
  5 adders
  3 gnolls (D:4)
  3 worms
  2 dart slugs (D:1)
  2 orcs
  8 endoplasms
  2 giant cockroaches
  4 goblins
  7 hobgoblins
  3 quokkas
  2 ball pythons
  3 bats
  6 frilled lizards
  5 kobolds
  12 rats
70 creatures vanquished.

Notes
Turn   | Place    | Note
-------+----------+-------------------------------------------
     0 | D:1      | rvierbuc the Demigod Conjurer began the quest for the Orb.
     0 | D:1      | Reached XP level 1. HP: 14/14 MP: 5/5
   272 | D:1      | Reached skill level 4 in Conjurations
   272 | D:1      | Reached XP level 2. HP: 20/20 MP: 4/7
  1466 | D:2      | Reached XP level 3. HP: 26/26 MP: 5/8
  1984 | D:2      | Noticed a phantom
  2132 | D:2      | Killed a phantom
  2133 | D:2      | Reached XP level 4. HP: 11/33 MP: 1/11
  2561 | D:3      | Learned a level 2 spell: Searing Ray
  2693 | D:3      | Found a runed translucent door.
  2696 | D:3      | Noticed a bullfrog
  2698 | D:3      | Noticed bronco's ghost (amateur TeFE)
  2822 | D:3      | Found a runed translucent door.
  3065 | D:3      | Reached XP level 5. HP: 38/38 MP: 8/12
  3435 | D:3      | Learned a level 2 spell: Blink
  3441 | D:3      | Reached skill level 5 in Conjurations
  3444 | D:3      | Killed bronco's ghost
  3445 | D:3      | Reached XP level 6. HP: 39/46 MP: 1/14
  3683 | D:3      | Splashed by a jelly's acid

Illustrated notes

Levels and vault maps discovered:
D:1:      minmay_arrival_checkered_box, layout_basic, basic_ecumenical_altar,
          st_stairs_5
D:2:      layout_basic
D:3:      layout_basic, ebering_ghost_sewer_f
D:4:      layout_cave_pools, grunt_qazlal_sundering,
          minmay_temple_entry_proselytizer, lightli_sewer_entry_pipes,
          uniq_eustachio

Skill      XL: |  1  2  3  4  5 |
---------------+----------------+-----
Conjurations   | 4 5 |  5.3
Spellcasting   | 2 3 |  3.7
Dodging        | 2 |  2.2
Stealth        | 2 |  2.7
Fighting       | |  0.5

Action                     |  1- 3 |  4- 6 || total
---------------------------+-------+-------++-------
  Melee: Unarmed           |     2 |       ||     2
         Falchion          |     1 |       ||     1
   Cast: Magic Dart        |   108 |    16 ||   124
         Searing Ray       |       |    19 ||    19
    Use: Potion            |     1 |     1 ||     2
         Scroll            |       |     3 ||     3
 Armour: Robe              |     6 |     5 ||    11
  Dodge: Dodged            |    20 |    13 ||    33
